 Dungeon Crawl Stone Soup version 0.30-a0-1008-g30c9307041 (webtiles) character file.

Game seed: 7608921610671131466

5 retardedninja the Poker (level 1, 0/16 HPs)
             Began as a Merfolk Gladiator on Apr 5, 2023.
             Slain by a hobgoblin (3 damage)
             ... on level 1 of the Dungeon.
             The game lasted 00:00:11 (88 turns).

retardedninja the Poker (Merfolk Gladiator)           Turns: 88, Time: 00:00:11

Health: 0/16       AC:  4    Str: 14    XL:     1   Next: 80%
Magic:  1/1        EV: 13    Int:  7    God:
Gold:   0          SH:  0    Dex: 15    Spells: 0/0 levels left

rFire   . . .      SeeInvis .    a - +0 trident
rCold   . . .      Faith    .    (no shield)
rNeg    . . .      Spirit   .    b - +0 leather armour
rPois   .          Reflect  .    c - +0 helmet
rElec   .          Rampage  .    (no cloak)
rCorr   .                        (no gloves)
Will    .....                    (no boots)
Stlth   +                        (no amulet)
HPRegen 0.22/turn                (no ring)
MPRegen 0.07/turn                (no ring)

@: no status effects
A: (nimble swimmer 2), mertail
a: no special abilities


You were on level 1 of the Dungeon.
You visited 1 branch of the dungeon, and saw 1 of its levels.

Inventory:

Hand Weapons
 a - a +0 trident (weapon)
Missiles
 d - 3 throwing nets (quivered)
 e - a javelin
Armour
 b - a +0 leather armour (worn)
 c - a +0 helmet (worn)
Scrolls
 f - a scroll of vulnerability {unknown}
 g - a scroll of amnesia {unknown}


   Skills:
 + Level 2.3 Fighting
 * Level 4.2 Polearms
 + Level 2.1 Throwing
 + Level 4.1 Dodging


You couldn't memorise any spells.
You didn't know any spells.
Your spell library was empty.

Dungeon Overview and Level Annotations

Branches:
Dungeon (1/15)

Altars:


Innate Abilities, Weirdness & Mutations

((You are very nimble when in or above water. (Stealth+, EV+, Speed+++)))
Your lower body shifts to a powerful aquatic tail in water.


Message History

The kobold shouts!
There are monsters nearby!
A hobgoblin comes into view.
The bat hits you but does no damage.
There is an open door here.
You miss the bat. The bat hits you but does no damage.
The bat closely misses you. The kobold hits you with a +0 club.
The bat hits you but does no damage.
You closely miss the kobold.
The hobgoblin shouts!
The bat barely misses you. The kobold barely misses you.
You hit the kobold.
The kobold is severely wounded.
The bat hits you but does no damage. The kobold hits you with a +0 club.
You are too injured to fight recklessly!
You are too injured to fight recklessly!
You are too injured to fight recklessly!
The kobold attacks as you move away! The kobold closely misses you.
The bat hits you but does no damage.
You hit the dart slug.
The dart slug is moderately wounded.
The dart slug barely misses you.
You hit the dart slug.
The dart slug is almost dead.
You hit the dart slug.
You kill the dart slug!
The bat hits you. The hobgoblin barely misses you.
The kobold closely misses you. The bat misses you.
There is an open door here.
You hit the kobold but do no damage.
The kobold is severely wounded.
The bat hits you but does no damage. The bat barely misses you.
The hobgoblin misses you. The kobold hits you with a +0 club.
You closely miss the kobold.
The kobold is severely wounded.
The bat barely misses you. The kobold hits you with a +0 club.
* * * LOW HITPOINT WARNING * * *
The hobgoblin hits you.
You die...

# #. #. #.##. #.# ....
##+# ## #.#### ###.
#...# #.. .....# #..
.....# #.###.##.# #..
......# #.#.#.##.# #..
....b..###.....##.####.#
......K@................
......g##......##.####..
......# #.#.#.....# ###
.....# #.._.†....# #...#
#.#.#...#.# ##+#
#.....#.#.# ##..###.#.#
##.# #.#.# #.. ..


You could see a hobgoblin, a bat and a kobold.

Vanquished Creatures
  A dart slug (D:1)
  A hobgoblin (D:1)
  A quokka (D:1)
3 creatures vanquished.

Notes
Turn   | Place    | Note
-------+----------+-------------------------------------------
     0 | D:1      | retardedninja the Merfolk Gladiator began the quest for the
                  | Orb.
     0 | D:1      | Reached XP level 1. HP: 16/16 MP: 1/1
    53 | D:1      | Found a faded altar of an unknown god.
    88 | D:1      | Slain by a hobgoblin

Illustrated notes

Levels and vault maps discovered:
D:1:      co_arrival_square_in_a_square_in_a_square, layout_loops_corners,
          chequers_ecumenical_altar_simple, minmay_misc_feat_encased

Action                     || total
---------------------------++-------
  Melee: Trident           ||    17
 Armour: Leather armour    ||     6
  Dodge: Dodged            ||    16

Table legend: (Time is in decaauts)
 A = Elapsed time spent in this place.
 B = Non-inter-level travel time spent in this place.
 C = Inter-level travel time spent in this place.
 D = Time resting spent in this place.
 E = Time spent auto-exploring this place.
 F = Levels seen in this place.
 G = Mean time per level.
                   A        B        C        D        E       F      G
               +--------+--------+--------+--------+--------+-----+--------+
         Total |     89 |     89 |      0 |      0 |     60 |   1 |   89.0 |
       Dungeon |     89 |     89 |      0 |      0 |     60 |   1 |   89.0 |
               +--------+--------+--------+--------+--------+-----+--------+

Top non-repeatable levels by time:
     D:1: 89 daAuts
